 Dungeon Crawl Stone Soup version 0.28-a0-1002-gf00fe891ef (webtiles) character file.

Game seed: 17169034414531925107

19 Sabo the Firebug (level 2, -1/20 HPs)
             Began as a Hill Orc Fire Elementalist on Dec 6, 2021.
             Slain by an adder (4 damage)
             ... on level 2 of the Dungeon.
             The game lasted 00:05:42 (1022 turns).

Sabo the Firebug (Hill Orc Fire Elementalist)       Turns: 1022, Time: 00:05:43

Health: -1/20      AC:  2    Str: 10    XL:     2   Next: 75%
Magic:  3/4        EV: 12    Int: 15    God:
Gold:   33         SH:  0    Dex: 11    Spells: 3/4 levels left

rFire   . . .      SeeInvis .   e - staff of conjuration
rCold   . . .      Faith    .   (no shield)
rNeg    . . .      Spirit   .   a - +0 robe
rPois   .          Reflect  .   (no helmet)
rElec   .          Harm     .   (no cloak)
rCorr   .          Rampage  .   (no gloves)
Will    .....                   (no boots)
Stlth   ++........              (no amulet)
HPRegen 0.06/turn               (no ring)
MPRegen 0.09/turn               (no ring)

@: lethally poisoned (-1 -> -8)
A: no striking features
a: no special abilities


You were on level 2 of the Dungeon.
You visited 1 branch of the dungeon, and saw 2 of its levels.

You collected 33 gold pieces.

Inventory:

Hand Weapons
 b - a +0 hand axe
Missiles
 h - 23 arrows
Armour
 a - a +0 robe (worn)
Magical Staves
 e - a staff of conjuration (weapon)
Jewellery
 k - an amulet of faith
Scrolls
 i - a scroll of blinking {unknown}
 l - a scroll of teleportation {unknown}
Potions
 c - a potion of haste {unknown}
 d - 3 potions of cancellation {unknown}
 f - a potion of mutation {unknown}
 g - a potion of curing {unknown}
 j - a potion of ambrosia {unknown}


   Skills:
 + Level 1.5 Dodging
 + Level 2.0 Stealth
 + Level 1.9 Spellcasting
 + Level 1.1 Conjurations
 + Level 3.6 Fire Magic


You had 3 spell levels left.
You knew the following spells:

 Your Spells              Type           Power      Damage    Failure   Level
a - Foxfire               Conj/Fire      48%        2x1d6     9%          1

Your spell library contained the following spells:

 Spells                   Type           Power      Damage    Failure   Level
 Scorch                   Fire           24%        2d6       8%          2
 Conjure Flame            Conj/Fire      12%        6-21      26%         3
 Inner Flame              Hex/Fire       6%         N/A       32%         3
 Flame Wave               Conj/Fire      12%        2d5       63%         4


Dungeon Overview and Level Annotations

Branches:
Dungeon (2/15)

Altars:


Message History

You closely miss the adder. The adder barely misses you.
You barely miss the adder. The adder barely misses you. x2
You miss the adder. The adder closely misses you.
You hit the adder.
The adder is lightly wounded.
The adder closely misses you. x2
Casting: Foxfire (safe; 9% risk of failure)
Confirm with . or Enter, or press ? or * to list all spells.
You feel a surge of power!
You conjure some foxfire!
The adder closely misses you.
You closely miss the adder.
The adder is lightly wounded.
The foxfire hits the adder.
The adder is heavily wounded.
The adder bites you.
You are poisoned.
The adder poisons you! The adder bites you.
You are more poisoned.
The adder poisons you!
Casting: Foxfire (safe; 9% risk of failure)
Confirm with . or Enter, or press ? or * to list all spells.
You don't know that spell.
Unknown command.
Unknown command.
You barely miss the adder.
The adder is heavily wounded.
You feel very sick. The adder barely misses you.
You closely miss the adder.
The adder is heavily wounded.
You feel sick. The adder misses you. The adder bites you.
* * * LOW HITPOINT WARNING * * *
You are more poisoned.
The adder poisons you!
You barely miss the adder.
The adder is heavily wounded.
* * * LOW HITPOINT WARNING * * *
You feel very sick. The adder bites you.
You die...

......####+##
........... .........
#....... #......
####### ..... #.....#
#.S# ###.....# #@##
..'.....### #v.#
.##.......# ####.##
.#......#.####.....#
.................#+#
.#...#....#............
.#.†##....##...........
.#..#......#...##......
...##..##..##..# ##..##


You could see an adder (ally target).

Vanquished Creatures
  3 ball pythons
  3 endoplasms
  3 giant cockroaches
  A goblin (D:1)
  2 hobgoblins (D:1)
  2 frilled lizards
  2 rats (D:1)
16 creatures vanquished.

Vanquished Creatures (others)
  19 foxfires
  4 toadstools (D:1)
23 creatures vanquished.

Grand Total: 39 creatures vanquished

Notes
Turn   | Place    | Note
-------+----------+-------------------------------------------
     0 | D:1      | Sabo the Hill Orc Fire Elementalist began the quest for the
                  | Orb.
     0 | D:1      | Reached XP level 1. HP: 14/14 MP: 3/3
   355 | D:1      | Reached XP level 2. HP: 20/20 MP: 1/4
  1022 | D:2      | Slain by an adder

Illustrated notes

Levels and vault maps discovered:
D:1:      ldierk_walled_garden_2, layout_rooms, minmay_tromino_v2
D:2:      layout_basic, basic_altar, minmay_misc_feat_iff, uniq_jessica,
          uniq_sigmund, uniq_natasha

Skill      XL: |  1  2 |
---------------+-------+-----
Stealth        | 2 |  2.0
Dodging        | |  1.5
Spellcasting   | |  1.9
Conjurations   | |  1.1
Fire Magic     | |  3.6

Action                   || total
-------------------------++-------
Melee: Hand axe          ||     6
       Staff             ||    21
 Cast: Foxfire           ||    14
 Stab: Sleeping          ||     1
Armor: Robe              ||     3
Dodge: Dodged            ||    20

Table legend: (Time is in decaauts)
 A = Elapsed time spent in this place.
 B = Non-inter-level travel time spent in this place.
 C = Inter-level travel time spent in this place.
 D = Time resting spent in this place.
 E = Time spent auto-exploring this place.
 F = Levels seen in this place.
 G = Mean time per level.
                   A        B        C        D        E       F      G
               +--------+--------+--------+--------+--------+-----+--------+
         Total |   1028 |   1028 |      0 |    288 |      0 |   2 |  514.0 |
       Dungeon |   1028 |   1028 |      0 |    288 |      0 |   2 |  514.0 |
               +--------+--------+--------+--------+--------+-----+--------+

Top non-repeatable levels by time:
     D:1: 783 daAuts
     D:2: 245 daAuts
